 Dungeon Crawl Stone Soup version 0.20-a0-513-g02c11fc (webtiles) character file.

1407202 Kriby the Archmage (level 27, -5/186 HPs)
             Began as a Deep Elf Conjurer on Jan 17, 2017.
             Was the Champion of Vehumet.
             Blown up by Rustroh the pandemonium lord (30 damage)
             ... with a bolt of energy
             ... in Pandemonium on Jan 23, 2017.
             The game lasted 11:53:34 (170996 turns).

Kriby the Archmage (Deep Elf Conjurer)            Turns: 170996, Time: 11:53:35

Health: -5/186     AC: 31    Str: 10      XL:     27
Magic:  56/56      EV: 19    Int: 48 (50) God:    Vehumet [******]
Gold:   7932       SH: 17    Dex: 10      Spells: 4/80 levels left

rFire    + . .     SeeInvis +   a - staff of energy
rCold    + . .     Gourm    .   R - +4 scale mail of Valour {MR+ Int+7 Dex-5 Stlth+}
rNeg     . . .     Faith    +   t - +5 shield {reflect}
rPois    .         Spirit   .   w - +3 crown of Dyrovepreva {rElec Int+2 SInv}
rElec    +         Reflect  +   S - +2 cloak {MR+}
rCorr    .         Harm     .   Q - +2 pair of gloves {Str+3}
MR       ++++.                  k - +2 pair of boots
Stlth    ++++++....             Z - amulet of Autumn {Faith rF+ rC+}
Regen    0.5/turn               T - +5 ring of intelligence
                                C - +4 ring of intelligence

@: deflect missiles
A: horns 1, deterioration 1, screaming 1
}: 13/15 runes: decaying, serpentine, slimy, silver, golden, iron, obsidian,
icy, bone, abyssal, demonic, glowing, magical
a: Renounce Religion


You were in Pandemonium.
You worshipped Vehumet.
Vehumet was exalted by your worship.
You were not hungry.

You visited 18 branches of the dungeon, and saw 90 of its levels.
You visited Pandemonium 2 times, and saw 23 of its levels.
You visited the Abyss 3 times.
You visited 1 bazaar.
You also visited: Bailey.

You collected 16727 gold pieces.
You spent 8795 gold pieces at shops.

Inventory:

Hand Weapons
 b - a +9 sacred scourge of holy wrath
 c - the +0 dagger "Ultimatum" {venom, -Tele Int+7 Dex+4 SInv}
   (You found it on level 4 of the Dungeon)

   It poisons the flesh of those it strikes.
   It affects your intelligence (+7).
   It affects your dexterity (+4).
   It lets you see invisible.
   It prevents most forms of teleportation.
 d - the +10 rapier of Extermination {elec, rF+ rC+ MR+}
   (You took it off a balrug on level 7 of Gehenna)

   Occasionally, upon striking a foe, it will discharge some electrical energy
   and cause terrible harm.
   It protects you from fire.
   It protects you from cold.
   It affects your resistance to hostile enchantments.
 e - the +10 zealot's sword {holy, *Rage rN+ EV+3}
   (You took it off an ironbrand convoker on level 5 of the Vaults)

   It has been blessed by the Shining One to cause great damage to the undead
   and demons.
   It affects your evasion (+3).
   It protects you from negative energy.
   It may make you go berserk in combat.
Armour
 k - a +2 pair of boots (worn)
 t - a +5 shield of reflection (worn)
 w - the +3 crown of Dyrovepreva (worn) {rElec Int+2 SInv}
   (You found it on level 3 of the Tomb of the Ancients)

   It affects your intelligence (+2).
   It insulates you from electricity.
   It lets you see invisible.
 I - the +1 buckler "Ethrayzui" {rPois rF+ rC+ Regen+}
   (You acquired it on level 5 of the Realm of Zot)

   It protects you from fire.
   It protects you from cold.
   It protects you from poison.
   It increases your rate of regeneration.
 Q - a +2 pair of gloves of strength (worn)
 R - the +4 scale mail of Valour (worn) {MR+ Int+7 Dex-5 Stlth+}
   (You found it in a bailey)

   It affects your intelligence (+7).
   It affects your dexterity (-5).
   It affects your resistance to hostile enchantments.
   It makes you more stealthy.
 S - a +2 cloak of magic resistance (worn)
 X - the +18 shield of the Gong {rElec rN+ MR+ EV-5}
   (You found it on level 5 of the Pits of Slime)

   It affects your evasion (-5).
   It insulates you from electricity.
   It protects you from negative energy.
   It affects your resistance to hostile enchantments.
Magical Staves
 a - an uncursed staff of energy (weapon)
Jewellery
 f - an uncursed ring of resist corrosion
 B - the ring "Fuid" {rPois rC+ rN+ Int-3}
   (You found it on level 3 of the Depths)

   [ring of protection from cold]

   It affects your intelligence (-3).
   It protects you from cold.
   It protects you from poison.
   It protects you from negative energy.
 C - a +4 ring of intelligence (left hand)
 T - a +5 ring of intelligence (right hand)
 Z - the amulet of Autumn (around neck) {Faith rF+ rC+}
   (You found it on level 4 of the Vaults)

   [amulet of faith]

   It allows you to gain divine favour quickly.
   It protects you from fire.
   It protects you from cold.
Wands
 q - a wand of digging (4/24)
Scrolls
 h - 28 scrolls of remove curse
 i - 9 scrolls of identify
 j - 4 scrolls of enchant armour
 l - 20 scrolls of teleportation
 m - 6 scrolls of magic mapping
 p - 6 scrolls of holy word
 v - 5 scrolls of blinking
 A - 14 scrolls of recharging
 H - 10 scrolls of fog
 U - 14 scrolls of fear
 W - a scroll of summoning
Potions
 g - 8 potions of agility
 n - 10 potions of heal wounds
 y - 14 potions of might
 z - 27 potions of curing
 D - 13 potions of haste
 E - 2 potions of magic
 G - 6 potions of berserk rage
 J - 6 potions of cancellation
 K - a potion of ambrosia
 M - 16 potions of brilliance
 N - 3 potions of resistance
 O - 3 potions of flight
 P - a potion of invisibility
 V - 3 potions of cure mutation
Books
 r - a Necronomicon

   Spells                             Type                      Level
   a - Haunt                          Necromancy/Summoning         7
   b - Borgnjor's Revivification      Necromancy                   8
   c - Death's Door                   Charms/Necromancy            8
   d - Infestation                    Necromancy                   8
   e - Necromutation                  Transmutation/Necromancy     8
Miscellaneous
 o - a crystal ball of energy
 x - a lamp of fire
 F - 4 phantom mirrors
 Y - a figurine of a ziggurat
Comestibles
 L - 20 bread rations


   Skills:
 - Level 22.4 Fighting
 + Level 9.3 Maces & Flails
 - Level 23.0 Armour
 O Level 27 Dodging
 - Level 16.3 Stealth
 - Level 15.0 Shields
 O Level 27 Spellcasting
 O Level 27 Conjurations
 - Level 10.9 Charms
 - Level 8.7 Summonings
 - Level 11.9 Necromancy
 - Level 17.2 Translocations
 - Level 24.0 Fire Magic
 - Level 19.2 Ice Magic
 - Level 13.8 Air Magic
 - Level 21.9 Earth Magic
 - Level 25.0 Evocations


You had 4 spell levels left.
You knew the following spells:

 Your Spells              Type           Power        Failure   Level  Hunger
a - Bolt of Fire          Conj/Fire      ########..   0%          6    None
c - Shatter               Erth           ########..   2%          9    None
d - Iron Shot             Conj/Erth      ########..   0%          6    None
e - Regeneration          Chrm/Necr      ########..   0%          3    None
f - Tornado               Air            ########..   50%         9    None
g - Glaciate              Conj/Ice       ########..   1%          9    None
i - Sublimation of Blood  Necr           ########..   0%          2    None
j - Fire Storm            Conj/Fire      ########..   1%          9    None
m - Apportation           Tloc           ######       0%          1    None
n - Shadow Creatures      Summ           N/A          1%          6    None
B - Controlled Blink      Tloc           N/A          2%          8    None
R - Deflect Missiles      Chrm/Air       ########..   1%          6    None
T - Blink                 Tloc           N/A          0%          2    None


Dungeon Overview and Level Annotations

Branches:
Dungeon (15/15)            Temple (1/1) D:5            Lair (6/6) D:11
  Swamp (4/4) Lair:4        Snake (4/4) Lair:4        Slime (5/5) Lair:5
    Orc (2/2) D:12            Elf (3/3) Orc:2        Vaults (5/5) D:14
  Crypt (3/3) Vaults:3       Tomb (3/3) Crypt:3      Depths (5/5) D:15
   Hell (1/1)                 Dis (7/7) Hell            Geh (7/7) Hell
    Coc (7/7) Hell            Tar (7/7) Hell            Zot (5/5) Depths:5

Altars:
Ashenzari
Cheibriados
Dithmenos
Elyvilon
Fedhas
Hepliaklqana
Kikubaaqudgha
Nemelex Xobeh
Okawaru
Qazlal
Ru
Sif Muna
Uskayaw
Vehumet
Xom
Yredelemnul
Zin
The Shining One
Beogh
Jiyva

Shops:
D:4 *   D:8 (=?   D:15 :?[   Orc:1 !   Orc:2 *??   Elf:1 [   Snake:1 }*!(:*?:(
Vaults:3 [   Depths:1 ==}

Portals:
Hell: Depths:1 Depths:2 Depths:3 Depths:4 Depths:5
Abyss: Depths:4
Pandemonium: Depths:3 Depths:5
Ziggurat: Depths:2

Annotations:
Dis:1 exclusion: downstairs
Pan 2 runed doors


Innate Abilities, Weirdness & Mutations

You have a pair of small horns on your head.
Your body sometimes deteriorates upon taking damage.
You occasionally shout uncontrollably at your foes.


Message History

Found a runed door.
There is an open door here.
You open the large door.
You shout at the tormentor!
A crimson imp, 2 tormentors and a pandemonium lord come into view.
Rustroh whispers, "Embrace thy dedition, thou bootless shard-borne bandersnitch!"
The crimson imp shouts!
The tormentor roars! x2
The tormentor calls on the powers of darkness!
Your body is wracked with pain!
The tormentor calls on the powers of darkness!
Your body is wracked with pain!
* * * LOW HITPOINT WARNING * * *
Your body deteriorates!
You feel dopey.
A tormentor opens the large door.
The tormentor calls on the powers of darkness!
Your body is wracked with pain!
* * * LOW HITPOINT WARNING * * *
Your body deteriorates!
You feel dopey. Rustroh gestures at you. The bolt of energy hits you!
You die...

......................
....................))
...........##########.
#....###...# #. ##+##
#...# #. ..+##...# #.
#++#.#....# #.
+2&'.'....# #.
+25'@#....# #.
#''#.#....# #. +..
.+##...# #. ## +#
#...# #. #...# #. ...#
#. ..# #. #. #.


You could see Rustroh, 2 tormentors and a crimson imp.

Vanquished Creatures
  Asmodeus (Geh:7)
  Antaeus (Coc:7)
  the Royal Jelly (Slime:5)
  Lom Lobon (Pan)
  Mnoleg (Pan)
  Dispater (Dis:7)
  4 orbs of fire (Zot:5)
  5 ancient liches
  Mara (Vaults:3)
  Mennas (Pan)
  34 greater mummies
  Sojobo (Crypt:2)
  10 pandemonium lords (Pan)
  Boris (Tomb:1)
  20 shard shrikes
  Frederick (Vaults:2)
  Vashnia (Snake:3)
  Margery (Vaults:2)
  7 Killer Klowns (Zot:5)
  2 curse toes (Zot:3)
  A caustic shrike (shapeshifter) (Depths:2)
  11 golden dragons
  Geryon (Hell)
  Jory (Vaults:3)
  Nikola (Swamp:3)
  10 bone dragons
  10 doom hounds
  43 Tzitzimimeh
  28 Brimstone Fiends
  5 electric golems
  14 iron giants
  16 liches
  19 Hell Sentinels
  A hellephant (Hell)
  Jorgrun (Vaults:3)
  23 Ice Fiends
  25 Orb Guardians (Zot:5)
  20 tentacled monstrosities
  Asterion (Depths:3)
  4 deep elf master archers (Elf:3)
  3 titans
  4 quicksilver dragons
  Gastronok (Lair:3)
  20 sphinxes
  23 acid blobs
  12 Executioners
  3 deep elf blademasters
  33 ancient champions
  The ghost of lollipopman the Warrior, an adept DsBe of Lugonu (Snake:3)
  Kirke (Swamp:3)
  2 eldritch tentacles
  A thorn hunter (Swamp:3)
  4 draconian monks
  24 shadow dragons
  8 revenants
  12 death cobs
  13 tengu reavers
  28 storm dragons
  Roxanne (Snake:1)
  Donald (Vaults:2)
  6 draconian knights
  8 deep elf sorcerers
  20 frost giants
  24 fire giants
  12 nagarajas
  9 azure jellies
  9 draconian scorchers
  4 ghost moths
  16 iron dragons
  An iron dragon (shapeshifter) (Depths:2)
  5 deep elf elementalists
  39 cacodemons
  15 vault wardens
  11 draconian stormcallers
  8 warmongers (Pan)
  Aizul (Snake:1)
  8 ghouls
  4 draconian shifters
  3 curse skulls
  10 draconian annihilators
  Louise (Swamp:1)
  34 balrugs
  22 ironheart preservers
  5 spriggan defenders
  An angel (Pan)
  10 blood saints (Pan)
  4 elemental wellsprings
  20 war gargoyles
  16 bennus
  43 very ugly things
  79 reapers
  27 stone giants
  12 corrupters (Pan)
  17 black suns (Pan)
  12 vampire knights
  2 entropy weavers
  9 green draconians
  8 deep elf demonologists
  8 white draconians
  A juggernaut skeleton (Depths:2)
  7 black draconians
  15 lorocyprocas
  A spark wasp (shapeshifter) (Vaults:5)
  10 deep elf annihilators
  10 red draconians
  8 spark wasps
  7 purple draconians
  8 yellow draconians
  2 spectral titans (Crypt:3)
  Snorg (Orc:1)
  25 blizzard demons
  23 ettins
  12 deep elf death magi
  25 green deaths (Pan)
  28 mummy priests
  A crystal guardian (Depths:2)
  7 death oozes (Slime:5)
  Josephine (D:12)
  24 fire dragons
  8 eidola
  9 quicksilver dragon zombies
  3 kraken zombies
  10 jiangshi
  21 ogre magi
  23 yaktaur captains
  24 great orbs of eyes
  13 rakshasas
  Fannar (Lair:1)
  7 hell beasts
  15 deep elf high priests
  14 monstrous demonspawn (Pan)
  22 naga warriors
  36 ice dragons
  30 vault guards
  11 quicksilver dragon skeletons
  A juggernaut simulacrum (Depths:2)
  6 ghost crabs
  19 hydras
  9 anacondas
  8 centaur warriors
  2 spriggan air magi
  An alligator snapping turtle (shapeshifter) (Depths:2)
  9 death knights
  A spectral fire giant (Crypt:3)
  9 alligators
  An alligator (shapeshifter) (Depths:2)
  Erica (Lair:2)
  45 dancing weapons
  A catoblepas (Depths:2)
  31 death scarabs
  21 deep troll earth magi
  A queen ant (shapeshifter) (Depths:2)
  52 two-headed ogres
  10 tengu warriors
  38 hell hogs
  13 deep troll shamans
  18 death yaks
  A two-headed ogre (shapeshifter) (Depths:5)
  12 vampire magi
  12 titan zombies
  18 naga sharpshooters
  2 thrashing horrors (Abyss:3)
  9 storm dragon zombies
  An orc high priest (Elf:2)
  6 spriggan berserkers
  3 wretched stars
  11 shock serpents
  Nergalle (Orc:1)
  A shock serpent (shapeshifter) (Vaults:4)
  61 hell knights
  247 skeletal warriors
  11 iron golems
  14 iron trolls
  38 soul eaters
  21 deep elf knights
  18 shadow wraiths
  42 sixfirhies (Pan)
  64 sun demons
  14 titan skeletons
  5 salamander mystics
  3 unseen horrors
  6 spriggan druids
  15 anaconda zombies
  6 spatial maelstroms (Abyss:3)
  14 wizards
  9 glowing orange brains
  A quicksilver dragon simulacrum (Coc:4)
  14 torturous demonspawn (Pan)
  56 deep trolls
  6 naga ritualists
  29 shadow demons
  4 storm dragon skeletons
  An unseen horror (shapeshifter) (Vaults:4)
  3 death drakes (shapeshifter)
  2 ghost moth zombies
  2 obsidian statues
  4 golden dragon zombies
  12 infernal demonspawn
  6 death drakes
  18 gelid demonspawn
  2 spectral hydras (Swamp:3)
  12 swamp dragons
  An orange crystal statue (Depths:4)
  19 deep elf archers
  5 golden dragon skeletons
  23 flayed ghosts
  A sphinx zombie (Depths:2)
  31 necromancers
  11 anaconda skeletons
  An iron giant skeleton (Crypt:3)
  9 wolf spider zombies
  38 phantasmal warriors
  2 shambling mangroves (Swamp:3)
  2 oklob plants (Lair:5)
  4 harpies (Vaults:2)
  20 ironbrand convokers
  13 shadow dragon zombies
  23 orc knights
  5 iron dragon zombies
  An orc sorcerer (Orc:1)
  10 mana vipers
  4 wolf spiders
  80 deep elf magi
  10 frost giant zombies
  9 salamanders
  55 ugly things
  7 shadow dragon skeletons
  12 stone giant zombies
  8 shining eyes
  150 slime creatures
  4 cyclopes
  4 fire giant zombies
  A moth of wrath (shapeshifter) (Vaults:5)
  61 rust devils
  26 moths of wrath
  4 shock serpent zombies
  A shining eye (shapeshifter) (Depths:4)
  A faun (shapeshifter) (Vaults:2)
  6 human skeletons
  5 manticores
  A black mamba (shapeshifter) (Vaults:3)
  18 vault sentinels
  3 titan simulacra
  42 black mambas
  10 guardian serpents
  15 stone giant skeletons
  8 elephants
  23 naga magi
  8 iron dragon skeletons
  15 dire elephant zombies
  5 ice statues
  2 apocalypse crabs
  12 frost giant skeletons
  14 molten gargoyles
  An eye of devastation (Pan)
  A storm dragon simulacrum (Hell)
  22 spiny frogs
  3 water nymphs (shapeshifter)
  10 fire giant skeletons
  37 orange demons
  2 yaktaur zombies
  49 smoke demons
  A catoblepas zombie (Geh:2)
  A rime drake (shapeshifter) (Abyss:3)
  3 emperor scorpion zombies
  2 gargoyles
  8 rime drakes
  8 demonic crawlers
  3 komodo dragons
  50 hellions
  A shock serpent skeleton (Geh:7)
  5 dire elephant skeletons
  A kobold demonologist (Elf:1)
  A komodo dragon (shapeshifter) (Vaults:4)
  87 yaktaurs
  2 anaconda simulacra
  7 efreet
  4 ancient zymes
  A death yak zombie (Crypt:2)
  61 freezing wraiths
  4 swamp worm zombies (Swamp:3)
  54 ice devils
  A black draconian zombie (Tar:3)
  A golden dragon simulacrum (Abyss:1)
  68 tormentors
  17 hellwings
  A jumping spider (Vaults:1)
  48 guardian mummies
  66 red devils
  2 trolls (shapeshifter)
  A queen bee (shapeshifter) (Abyss:3)
  A queen ant zombie (Crypt:3)
  4 tengu conjurers
  A death yak skeleton (Crypt:1)
  A merfolk (shapeshifter) (Depths:5)
  A catoblepas skeleton (Crypt:1)
  A minotaur zombie (Dis:5)
  A pale draconian skeleton (Crypt:2)
  A harpy zombie (Tar:5)
  2 shadow dragon simulacra
  A hornet (shapeshifter) (Depths:4)
  9 tyrant leeches
  25 hydra zombies
  4 silent spectres
  A tengu simulacrum (Vaults:3)
  21 hornets
  5 trolls
  4 harpy skeletons
  3 polar bears
  A polar bear (shapeshifter) (Vaults:1)
  3 raiju (shapeshifter)
  2 blink frogs (shapeshifter)
  7 hydra skeletons
  40 blink frogs
  26 bog bodies
  4 raiju
  4 spectral swamp dragons (Swamp:3)
  10 fire dragon zombies
  9 alligator zombies
  9 ice dragon zombies
  A jumping spider zombie (Crypt:3)
  14 ettin zombies
  A dream sheep (D:3)
  17 hippogriffs
  57 large abominations
  183 flying skulls
  9 air elementals
  73 shadows
  A tarantella (shapeshifter) (Depths:1)
  10 ushabtiu
  6 black mamba zombies
  2 redbacks
  3 starcursed masses (Abyss:1)
  4 fire dragon skeletons
  5 ice dragon skeletons
  13 spriggans
  3 alligator skeletons
  58 wraiths
  23 ynoxinuls (Pan)
  9 ettin skeletons
  26 water elementals
  A tarantella (Vaults:4)
  28 yaks
  A vampire (D:14)
  4 hogs (Swamp:3)
  4 basilisks
  6 golden eyes
  13 wyverns
  A spectral elf (Crypt:3)
  2 tyrant leech zombies (Swamp:3)
  40 fire elementals
  5 black mamba skeletons
  22 chaos spawn
  33 neqoxecs
  9 fire bats
  21 humans (D:14)
  28 hungry ghosts
  41 vampire mosquitoes
  4 merfolk zombies
  81 nagas
  18 spatial vortices
  A two-headed ogre zombie (D:12)
  8 wargs
  4 acid dragons
  A soldier ant (shapeshifter) (Depths:1)
  A swamp worm (shapeshifter) (Vaults:1)
  10 insubstantial wisps
  A spectral spiny frog (Crypt:3)
  15 swamp worms
  A floating eye (Depths:4)
  13 water moccasins
  3 hydra simulacra
  A torturous demonspawn skeleton (Crypt:2)
  A floating eye (shapeshifter) (Depths:2)
  113 hell hounds
  A merfolk skeleton (Geh:7)
  21 spiny frog zombies
  2 water moccasins (shapeshifter)
  8 swamp drakes
  9 porcupines
  54 orc warriors
  A faun skeleton (Crypt:2)
  8 snapping turtle zombies
  6 manticore zombies
  5 spiny frog skeletons
  An eye of draining (shapeshifter) (Vaults:1)
  6 eyes of draining
  A deep troll skeleton (Vaults:2)
  13 ice beasts
  A black mamba simulacrum (Coc:7)
  24 centaurs
  4 sky beasts
  6 snapping turtle skeletons
  13 phantoms
  A rime drake zombie (Crypt:1)
  4 swamp dragon zombies
  A black bear (D:6)
  38 necrophages
  11 wolves (Lair:3)
  13 boggarts
  47 ogres
  15 crocodiles
  3 manticore skeletons
  2 big kobolds
  An elf zombie (D:11)
  24 bullfrogs
  A gnoll sergeant (D:6)
  2 elf skeletons
  2 glowing shapeshifter simulacra
  13 small abominations
  3 spiny frog simulacra
  2 earth elementals (Elf:1)
  A water moccasin zombie (Crypt:3)
  3 wyvern skeletons
  6 scorpions
  6 troll zombies
  3 spriggan zombies
  A water moccasin skeleton (D:9)
  3 human simulacra
  171 wights
  3 electric eels
  5 howler monkeys
  A spriggan skeleton (Geh:2)
  36 crimson imps
  4 bullfrog zombies
  5 quasits
  A bullfrog skeleton (D:8)
  3 centaur zombies
  6 hounds
  7 jellies
  22 orc wizards
  24 orc priests
  Crazy Yiuf (D:4)
  58 iron imps
  3 centaur skeletons
  10 human zombies
  A black bear skeleton (Crypt:2)
  4 iguanas
  11 worker ants
  A killer bee zombie (D:7)
  A porcupine skeleton (Crypt:2)
  4 ogre zombies (D:12)
  A naga zombie (Dis:3)
  An acid dragon skeleton (Crypt:1)
  An ogre skeleton (Hell)
  A hound zombie (D:8)
  The ghost of M4edhros the Sneak, a weakling OpAr of Xom (D:3)
  58 mummies
  3 worker ant zombies
  An adder (shapeshifter) (Depths:2)
  4 gnolls (D:6)
  16 adders
  24 shadow imps
  35 white imps
  An ufetubus (Abyss:3)
  2 adder zombies (D:7)
  An ooze (shapeshifter) (Depths:4)
  A worm zombie (Crypt:3)
  A halfling skeleton (Crypt:1)
  4 worms (D:2)
  2 dart slugs
  7 leopard geckos
  109 orcs
  2 ball pythons
  5 giant cockroaches
  8 goblins
  9 hobgoblins
  13 jackals
  14 kobolds
  4 quokkas
  6 bats
  6 frilled lizards
  4 goblin skeletons (D:12)
  2 goblin zombies (D:12)
  2 hobgoblin skeletons (D:12)
  2 hobgoblin zombies (D:12)
  A jackal zombie (D:8)
  A kobold zombie (Dis:3)
  A leopard gecko skeleton (D:4)
  6 orc skeletons
  12 orc zombies
  2 rats
  A river rat skeleton (Crypt:1)
  A spectral orc (Crypt:3)
  58 blocks of ice
  3 bushes (Lair:5)
  A crawling corpse (Elf:3)
  104 fire vortices
  3 fungi
  A lurking horror (Abyss:3)
  2 plants (D:9)
  2 tentacles (Coc:7)
6718 creatures vanquished.

Vanquished Creatures (collateral kills)
  2 ancient liches
  2 greater mummies (Tomb:1)
  3 golden dragons
  A lich (Tomb:2)
  A tentacled monstrosity (Pan)
  A pandemonium lord (Pan)
  An acid blob (Slime:5)
  2 shadow dragons
  A warmonger (Pan)
  A revenant (Crypt:3)
  2 cacodemons (Pan)
  A reaper (Tar:7)
  2 draconian annihilators
  A green draconian (Zot:2)
  3 very ugly things
  A black draconian (Zot:2)
  3 corrupters (Pan)
  A lorocyproca (Pan)
  3 yellow draconians
  A green death (Pan)
  A mummy priest (Tomb:3)
  A great orb of eyes (Depths:2)
  A death knight (Crypt:1)
  A death scarab (Tomb:1)
  A soul eater (Depths:4)
  A skeletal warrior (Hell)
  A deep troll (Depths:3)
  2 sixfirhies (Pan)
  A deep elf mage (Elf:1)
  An iron dragon zombie (Coc:5)
  An ugly thing (Depths:4)
  A stone giant zombie (Dis:4)
  A moth of wrath (Zot:2)
  A smoke demon (Pan)
  An orange demon (Pan)
  A vault sentinel (Vaults:5)
  A hellion (Hell)
  An anaconda simulacrum (Depths:2)
  A yaktaur (Depths:3)
  A red draconian skeleton (Crypt:2)
  A guardian mummy (Tomb:1)
  An ice devil (Coc:7)
  4 slime creatures
  2 shadows
  A water elemental (Depths:3)
  A neqoxec (Pan)
  A spatial vortex (Abyss:3)
  A spiny frog zombie (Hell)
  A snapping turtle zombie (Dis:1)
  2 wights
  A centaur skeleton (Crypt:3)
  4 mummies
  2 shadow imps
  A kobold zombie (Geh:7)
  A block of ice (Tomb:2)
  2 crawling corpses (Elf:3)
80 creatures vanquished.

Vanquished Creatures (others)
  8 eldritch tentacles
  A fire giant (Vaults:5)
  An iron dragon (Dis:7)
  2 bennus (Tomb:2)
  25 death scarabs (Tomb:2)
  A glowing orange brain (Pan)
  An anaconda zombie (Tomb:2)
  An anaconda skeleton (Geh:2)
  11 ball lightnings
  2 moths of wrath (Zot:5)
  A frost giant skeleton (Geh:4)
  4 hellions
  A storm dragon simulacrum (Tomb:2)
  An efreet (Depths:2)
  A hellwing (Pan)
  4 dream sheep (D:3)
  An ettin zombie (Geh:7)
  19 flying skulls
  An elf skeleton (Geh:2)
  A spriggan zombie (Geh:2)
  3 wights
  A mummy (Tomb:2)
  238 blocks of ice
  A bush (Lair:6)
  1199 fire vortices
  10 fulminant prisms
  31 fungi (Lair:6)
  69 plants
  8 tentacles (Hell)
  6 withered plants (Swamp:3)
1653 creatures vanquished.

Grand Total: 8451 creatures vanquished

Notes
Turn   | Place    | Note
-------+----------+-------------------------------------------
     0 | D:1      | Kriby the Deep Elf Conjurer began the quest for the Orb.
     0 | D:1      | Reached XP level 1. HP: 10/10 MP: 6/6
   307 | D:1      | Reached XP level 2. HP: 15/15 MP: 2/8
   764 | D:1      | Learned a level 2 spell: Searing Ray
   850 | D:1      | Reached skill level 5 in Conjurations
   850 | D:1      | Reached XP level 3. HP: 19/19 MP: 5/10
  1564 | D:2      | Reached XP level 4. HP: 24/24 MP: 10/12
  1600 | D:2      | Learned a level 4 spell: Iskenderun's Mystic Blast
  1919 | D:2      | Reached skill level 5 in Spellcasting
  2409 | D:3      | Noticed a sky beast
  2416 | D:3      | Killed a sky beast
  2416 | D:3      | Reached XP level 5. HP: 28/28 MP: 9/15
  2797 | D:3      | Found a shimmering altar of Xom.
  2797 | D:3      | Noticed a dream sheep
  2797 | D:3      | Noticed a dream sheep
  2797 | D:3      | Noticed a dream sheep
  2797 | D:3      | Noticed a dream sheep
  2797 | D:3      | Noticed a dream sheep
  2801 | D:3      | Killed a dream sheep
  2801 | D:3      | Killed a dream sheep
  2801 | D:3      | Killed a dream sheep
  2801 | D:3      | Killed a dream sheep
  2801 | D:3      | Reached XP level 6. HP: 32/32 MP: 15/17
  2802 | D:3      | Killed a dream sheep
  2908 | D:3      | Noticed M4edhros's ghost (weakling OpAr)
  2909 | D:3      | Killed M4edhros's ghost
  3527 | D:4      | Got a scorched dagger
  3534 | D:4      | Identified the cursed +0 dagger "Ultimatum" {venom, -Tele Int+7 Dex+4 SInv} (You found it on level 4 of the Dungeon)
  3555 | D:4      | Found Zin's Purification Station.
  3557 | D:4      | Found a glowing silver altar of Zin.
  4109 | D:4      | Found a runed door.
  4273 | D:4      | Noticed Crazy Yiuf
  4275 | D:4      | Killed Crazy Yiuf
  4275 | D:4      | Reached XP level 7. HP: 36/36 MP: 17/20
  4358 | D:5      | Entered Level 5 of the Dungeon
  4411 | D:5      | Found a staircase to the Ecumenical Temple.
  4422 | Temple   | Entered the Ecumenical Temple
  4467 | Temple   | Became a worshipper of Vehumet
  4707 | D:5      | Found a hazy altar of Hepliaklqana.
  5887 | D:6      | Reached skill level 10 in Spellcasting
  5887 | D:6      | Reached XP level 8. HP: 41/41 MP: 14/24
  5994 | D:6      | Found a sparkling altar of Nemelex Xobeh.
  6170 | D:6      | Learned a level 5 spell: Iskenderun's Battlesphere
  6704 | D:7      | Reached skill level 5 in Charms
  7189 | D:7      | Reached * piety under Vehumet
  7189 | D:7      | Offered knowledge of Freeze by Vehumet.
  7280 | D:7      | Found a shadowy altar of Dithmenos.
  7320 | D:7      | Found an iron altar of Okawaru.
  7323 | D:7      | Found a sacrificial altar of Ru.
  7326 | D:7      | Found a white marble altar of Elyvilon.
  7912 | D:7      | Upgraded the game from 0.20-a0-494-gf50ee04 to 0.20-a0-502-g555d78b
  8066 | D:8      | Reached XP level 9. HP: 45/45 MP: 12/25
  8216 | D:8      | Found Giuwag's Magic Scroll Shop.
  8219 | D:8      | Bought a scroll of magic mapping for 38 gold pieces
  8219 | D:8      | Bought a scroll of identify for 22 gold pieces
  8219 | D:8      | Bought a scroll of identify for 22 gold pieces
  8219 | D:8      | Bought a scroll of remove curse for 33 gold pieces
  8219 | D:8      | Bought a scroll of identify for 22 gold pieces
  8219 | D:8      | Bought a scroll of torment for 82 gold pieces
  8222 | D:8      | Noticed a two-headed ogre
  8246 | D:8      | Killed a two-headed ogre
  8408 | D:8      | Found Rukk's Assorted Antiques.
  8430 | D:8      | Found Oxeeneum's Jewellery Shoppe.
  8531 | D:8      | Found Muweutru's Antique Weapon Emporium.
  8687 | D:8      | Got a shimmering scale mail
  8688 | D:8      | Identified the +2 scale mail "Nufaxaol" {rF+} (You found it on level 8 of the Dungeon)
  8720 | D:8      | Found a radiant altar of Vehumet.
  9002 | D:8      | Reached skill level 5 in Dodging
  9236 | D:8      | Reached ** piety under Vehumet
  9274 | D:8      | Found Qugav's Food Emporium.
  9316 | D:8      | Offered knowledge of Sting by Vehumet.
  9476 | D:8      | Reached skill level 10 in Conjurations
  9887 | D:9      | Reached XP level 10. HP: 50/50 MP: 19/27
  9899 | D:9      | Found a flagged portal.
  9907 | Bailey   | Entered a bailey
  9907 | Bailey   | Noticed an orc knight
  9909 | Bailey   | Noticed an orc knight
 10050 | Bailey   | Killed an orc knight
 10175 | Bailey   | Killed an orc knight
 10574 | Bailey   | Got a shimmering scale mail
 10578 | Bailey   | Got a polished flail
 10607 | Bailey   | Identified the cursed +3 flail of Ontic {flame, *Drain +Blink MR++ Dex+4} (You found it in a bailey)
 10608 | Bailey   | Identified the +4 scale mail of Valour {MR+ Int+7 Dex-5 Stlth+} (You found it in a bailey)
 10636 | Bailey   | Noticed an orc knight
 10644 | Bailey   | Reached skill level 1 in Shields
 10646 | Bailey   | Killed an orc knight
 11344 | D:9      | Noticed a two-headed ogre
 11368 | D:9      | Killed a two-headed ogre
 11370 | D:9      | Offered knowledge of Stone Arrow by Vehumet.
 11378 | D:9      | Learned a level 3 spell: Stone Arrow
 11460 | D:10     | Entered Level 10 of the Dungeon
 11640 | D:10     | Reached *** piety under Vehumet
 11810 | D:10     | Reached skill level 1 in Fighting
 11872 | D:10     | Reached XP level 11. HP: 56/56 MP: 26/29
 11973 | D:10     | Offered knowledge of Static Discharge by Vehumet.
 11978 | D:10     | Learned a level 3 spell: Static Discharge
 12595 | D:11     | Found a staircase to the Lair.
 12691 | D:11     | Found a glowing golden altar of the Shining One.
 12742 | D:11     | Noticed a red ugly thing
 12749 | D:11     | Killed a red ugly thing
 13608 | D:11     | Reached **** piety under Vehumet
 13729 | D:11     | Found a basalt altar of Yredelemnul.
 13773 | D:11     | Offered knowledge of Ignite Poison by Vehumet.
 13863 | Lair:1   | Entered Level 1 of the Lair of Beasts
 13949 | Lair:1   | Noticed Fannar
 13954 | Lair:1   | Killed Fannar
 15122 | Lair:1   | Noticed a cyan ugly thing
 15127 | Lair:1   | Killed a cyan ugly thing
 15127 | Lair:1   | Reached XP level 12. HP: 66/66 MP: 24/31
 15380 | Lair:2   | Noticed a four-headed hydra
 15383 | Lair:2   | Killed a four-headed hydra
 15383 | Lair:2   | Reached ***** piety under Vehumet
 15441 | Lair:2   | Learned a level 4 spell: Fulminant Prism
 15646 | Lair:2   | Offered knowledge of Fireball by Vehumet.
 15664 | Lair:2   | Learned a level 5 spell: Fireball
 16053 | Lair:2   | Noticed Erica
 16058 | Lair:2   | Killed Erica
 16616 | Lair:3   | Noticed Gastronok
 16628 | Lair:3   | Killed Gastronok
 16861 | Lair:3   | Reached skill level 5 in Fighting
 16863 | Lair:3   | Reached skill level 10 in Dodging
 17368 | Lair:3   | Got a bound amber ring
 17576 | Lair:3   | Identified the ring of the Clam {SInv Stlth+} (You found it on level 3 of the Lair of Beasts)
 18111 | Lair:4   | Noticed a death yak
 18111 | Lair:4   | Noticed a death yak
 18112 | Lair:4   | Noticed a death yak
 18115 | Lair:4   | Killed a death yak
 18116 | Lair:4   | Noticed a death yak
 18117 | Lair:4   | Killed a death yak
 18117 | Lair:4   | Reached XP level 13. HP: 58/73 MP: 15/33
 18421 | Lair:4   | Found a staircase to the Snake Pit.
 18767 | Lair:4   | Found a staircase to the Swamp.
 20143 | Lair:5   | Reached skill level 15 in Conjurations
 20201 | Lair:5   | Found a staircase to the Slime Pits.
 20201 | Lair:5   | Found a viscous altar of Jiyva.
 20441 | Lair:6   | Entered Level 6 of the Lair of Beasts
 21032 | Lair:6   | Reached skill level 15 in Spellcasting
 22266 | Lair:6   | Reached XP level 14. HP: 80/80 MP: 30/35
 22551 | Lair:6   | Offered knowledge of Throw Icicle by Vehumet.
 23745 | D:9      | Gained mutation: You are agile. (Dex +2) [potion of mutation]
 23745 | D:9      | Gained mutation: You are dopey. (Int -2) [potion of mutation]
 23745 | D:9      | Gained mutation: Your magical capacity is low. (-10% MP) [potion of mutation]
 23746 | D:9      | Gained mutation: You are very agile. (Dex +4) [potion of mutation]
 23746 | D:9      | Gained mutation: You have a pair of small horns on your head. [potion of mutation]
 23778 | D:9      | Got a jewelled falchion
 23800 | D:9      | Identified the +11 falchion "Jeocikk" {freeze, rF+} (You found it on level 9 of the Dungeon)
 23804 | D:9      | Lost mutation: You have a pair of small horns on your head. [potion of cure mutation]
 23804 | D:9      | Lost mutation: Your magical capacity is low. (-10% MP) [potion of cure mutation]
 23804 | D:9      | Lost mutation: You are dopey. (Int -2) [potion of cure mutation]
 23804 | D:9      | Lost mutation: You are very agile. (Dex +4) [potion of cure mutation]
 23867 | D:8      | Bought a brightly glowing dagger for 147 gold pieces
 23867 | D:8      | Identified the +2 dagger of Rioshad {pierce, rN+ Dex+4} (You bought it in a shop on level 8 of the Dungeon)
 24093 | D:12     | Reached skill level 1 in Armour
 24297 | D:12     | Noticed Josephine
 24306 | D:12     | Killed Josephine
 25536 | D:12     | Found a staircase to the Orcish Mines.
 25835 | D:12     | Identified Retwixos's Catalogue of the Earthen Oath
 26239 | Orc:1    | Entered Level 1 of the Orcish Mines
 26239 | Orc:1    | Found a roughly hewn altar of Beogh.
 26246 | Orc:1    | Noticed Snorg
 26250 | Orc:1    | Killed Snorg
 26250 | Orc:1    | Offered knowledge of Conjure Ball Lightning by Vehumet.
 26263 | Orc:1    | Noticed Nergalle
 26268 | Orc:1    | Killed Nergalle
 26658 | Orc:1    | Found Nevesing's Distillery.
 26669 | Orc:1    | Bought a potion of heal wounds for 55 gold pieces
 26669 | Orc:1    | Bought a potion of curing for 33 gold pieces
 26669 | Orc:1    | Bought a potion of cure mutation for 275 gold pieces
 26669 | Orc:1    | Bought a potion of beneficial mutation for 385 gold pieces
 26669 | Orc:1    | Bought a potion of brilliance for 44 gold pieces
 26669 | Orc:1    | Bought a potion of curing for 33 gold pieces
 26669 | Orc:1    | Lost mutation: You are agile. (Dex +2) [potion of cure mutation]
 26670 | Orc:1    | Gained mutation: You are somewhat resistant to further mutation. [potion of beneficial mutation]
 26795 | Orc:2    | Entered Level 2 of the Orcish Mines
 26795 | Orc:2    | Found a staircase to the Elven Halls.
 26979 | Orc:2    | Found a radiant altar of Vehumet.
 27827 | Orc:2    | Reached skill level 5 in Armour
 28167 | Orc:2    | Reached XP level 15. HP: 88/88 MP: 25/37
 28390 | Orc:2    | Found Orawut's Magic Scroll Shoppe.
 28390 | Orc:2    | Found Cusk's Food Shop.
 28392 | Orc:2    | Found Kywill's Assorted Antiques.
 28394 | Orc:2    | Found Teemagi's Magic Scroll Emporium.
 28405 | Orc:2    | Bought a scroll of summoning for 114 gold pieces
 28408 | Orc:2    | Bought a scroll of enchant armour for 202 gold pieces
 28408 | Orc:2    | Bought a potion of curing for 81 gold pieces
 28408 | Orc:2    | Bought a potion of curing for 81 gold pieces
 28408 | Orc:2    | Bought a scroll of identify for 54 gold pieces
 28411 | Orc:2    | Bought a scroll of teleportation for 36 gold pieces
 28411 | Orc:2    | Bought a scroll of blinking for 90 gold pieces
 28411 | Orc:2    | Bought a scroll of teleportation for 36 gold pieces
 28411 | Orc:2    | Bought a scroll of identify for 24 gold pieces
 28411 | Orc:2    | Bought a scroll of fog for 24 gold pieces
 28411 | Orc:2    | Bought a scroll of fog for 24 gold pieces
 28411 | Orc:2    | Bought a scroll of remove curse for 36 gold pieces
 28411 | Orc:2    | Bought a scroll of fear for 42 gold pieces
 28413 | Orc:2    | Bought a scroll of identify for 26 gold pieces
 28413 | Orc:2    | Bought a scroll of identify for 26 gold pieces
 28413 | Orc:2    | Bought a scroll of remove curse for 39 gold pieces
 28413 | Orc:2    | Bought a scroll of blinking for 97 gold pieces
 28868 | D:8      | Bought the ring "Navvuny" {+Fly rPois Dex+3} for 385 gold pieces
 29093 | Swamp:1  | Entered Level 1 of the Swamp
 29690 | Swamp:1  | Upgraded the game from 0.20-a0-502-g555d78b to 0.20-a0-504-g2c65edc
 29944 | Swamp:1  | Noticed Louise
 29949 | Swamp:1  | Killed Louise
 29965 | Swamp:1  | Learned a level 6 spell: Conjure Ball Lightning
 31293 | Swamp:3  | Reached ****** piety under Vehumet
 31399 | Swamp:3  | Noticed Kirke
 31403 | Swamp:3  | Killed Kirke
 31907 | Swamp:3  | Offered knowledge of Bolt of Fire by Vehumet.
 31915 | Swamp:3  | Learned a level 6 spell: Bolt of Fire
 32093 | Swamp:3  | Reached skill level 1 in Fire Magic
 32719 | Swamp:3  | Noticed a thorn hunter
 32723 | Swamp:3  | Killed a thorn hunter
 33294 | Swamp:3  | Reached skill level 5 in Fire Magic
 33896 | Swamp:3  | Noticed Nikola
 33902 | Swamp:3  | Killed Nikola
 33913 | Swamp:3  | Got a pair of translucent gloves
 33915 | Swamp:3  | Identified the cursed -5 pair of gloves of Fashionability {*Drain Str+4} (You took it off Nikola on level 3 of the Swamp)
 34098 | Swamp:3  | Reached skill level 10 in Armour
 34336 | Swamp:3  | Identified the +5 chain mail of Nirato {Int+6} (You found it on level 3 of the Swamp)
 34683 | Swamp:3  | Reached XP level 16. HP: 92/92 MP: 29/38
 34743 | Swamp:4  | Entered Level 4 of the Swamp
 34762 | Swamp:4  | Identified the +1 scale mail of the Constellations {rPois Slay+3} (You found it on level 4 of the Swamp)
 34815 | Swamp:4  | Offered knowledge of Freezing Cloud by Vehumet.
 35963 | Swamp:4  | Identified the +6 spear "Banisher" {drain, *Corrode MP+9 Int+4 SInv} (You took it off a spriggan on level 4 of the Swamp)
 36374 | Swamp:4  | Offered knowledge of Bolt of Cold by Vehumet.
 36876 | Swamp:4  | Got a decaying rune of Zot
 38052 | D:13     | Reached skill level 10 in Fire Magic
 38509 | D:13     | Identified the +1 ring mail of Marbles {+Fly SInv Stlth-} (You found it on level 13 of the Dungeon)
 39697 | D:14     | Offered knowledge of Delayed Fireball by Vehumet.
 39707 | D:14     | Learned a level 7 spell: Delayed Fireball
 40236 | D:14     | Reached skill level 1 in Evocations
 40415 | D:14     | Found a gate to the Vaults.
 40441 | D:15     | Entered Level 15 of the Dungeon
 40446 | D:15     | Learned a level 2 spell: Repel Missiles
 40588 | D:15     | Reached XP level 17. HP: 97/97 MP: 27/40
 40966 | D:15     | Found Banydune's Book Emporium.
 41105 | D:15     | Reached skill level 5 in Evocations
 41992 | D:15     | Found Qicuxeah's Antique Armour Emporium.
 42000 | D:15     | Bought a pair of runed gloves for 231 gold pieces
 42000 | D:15     | Bought a warped robe for 125 gold pieces
 42000 | D:15     | Identified the +0 robe "Iggyqir" {Str+2} (You bought it in a shop on level 15 of the Dungeon)
 42399 | D:15     | Found Geuty's Magic Scroll Shoppe.
 42543 | D:15     | Bought a scroll of identify for 24 gold pieces
 42543 | D:15     | Bought a scroll of identify for 24 gold pieces
 42543 | D:15     | Bought 3 scrolls of fear for 126 gold pieces
 42543 | D:15     | Bought a scroll of magic mapping for 42 gold pieces
 42543 | D:15     | Bought a scroll of blinking for 90 gold pieces
 42543 | D:15     | Bought a scroll of magic mapping for 42 gold pieces
 42733 | D:15     | Found a gateway to a bazaar.
 42969 | D:15     | Offered knowledge of Fire Storm by Vehumet.
 42969 | D:15     | Offered knowledge of Glaciate by Vehumet.
 42969 | D:15     | Offered knowledge of Tornado by Vehumet.
 43726 | D:15     | Found a staircase to the Depths.
 43825 | Vaults:1 | Entered Level 1 of the Vaults
 46064 | Vaults:1 | Reached XP level 18. HP: 102/102 MP: 18/41
 47608 | Vaults:2 | Noticed Donald
 47732 | Vaults:2 | Identified a scroll of acquirement
 47983 | Vaults:2 | Killed Donald
 48096 | Vaults:2 | Noticed Frederick
 48101 | Vaults:2 | Killed Frederick
 48103 | Vaults:2 | Noticed Margery
 48106 | Vaults:2 | Killed Margery
 49047 | Vaults:2 | Reached skill level 15 in Fire Magic
 50338 | Vaults:2 | Reached XP level 19. HP: 107/107 MP: 25/44
 51927 | Vaults:3 | Noticed Jorgrun
 51932 | Vaults:3 | Killed Jorgrun
 52366 | Vaults:3 | Learned a level 2 spell: Blink
 52520 | Vaults:3 | Noticed Mara
 52534 | Vaults:3 | Killed Mara
 52841 | Vaults:3 | Found a staircase to the Crypt.
 52841 | Vaults:3 | Found a basalt altar of Yredelemnul.
 52851 | Vaults:3 | Noticed Jory
 52883 | Vaults:3 | Killed Jory
 53049 | Vaults:3 | Found an ancient bone altar of Kikubaaqudgha.
 53153 | Vaults:3 | Found Apuc's Armour Shoppe.
 54458 | Vaults:3 | Noticed a lich
 54468 | Vaults:3 | Killed a lich
 54519 | Vaults:3 | Identified the Reference Book on Weightlessness and Malediction
 54579 | Vaults:3 | Reached XP level 20. HP: 92/112 MP: 26/46
 55256 | Vaults:4 | Got a sparkling jade amulet
 55257 | Vaults:4 | Identified the amulet of Autumn {Faith rF+ rC+} (You found it on level 4 of the Vaults)
 55907 | Vaults:4 | Learned a level 7 spell: Orb of Destruction
 57639 | Vaults:4 | Found a radiant altar of Vehumet.
 58690 | Vaults:4 | Learned a level 9 spell: Fire Storm
 58953 | Snake:1  | Entered Level 1 of the Snake Pit
 59242 | Snake:1  | Noticed Roxanne
 59248 | Snake:1  | Killed Roxanne
 59565 | Snake:1  | Noticed Aizul
 59571 | Snake:1  | Killed Aizul
 59701 | Snake:1  | Found Siyrhuk's Assorted Antiques.
 59729 | Snake:1  | Found Ugheon's Gadget Shop.
 59796 | Snake:1  | Found Gustraw's Book Boutique.
 59800 | Snake:1  | Found Coybruv's General Store.
 59800 | Snake:1  | Found Botibbyg's Distillery.
 59805 | Snake:1  | Found Ebeosaok's Weapon Shop.
 59808 | Snake:1  | Bought a scroll of teleportation for 54 gold pieces
 59808 | Snake:1  | Bought a scroll of identify for 36 gold pieces
 59808 | Snake:1  | Bought a potion of heal wounds for 90 gold pieces
 59808 | Snake:1  | Bought a scroll of identify for 36 gold pieces
 60059 | Snake:1  | Found Tuppyequq's Weapon Boutique.
 60123 | Snake:1  | Reached XP level 21. HP: 116/116 MP: 38/48
 60190 | Snake:1  | Found Denkut's Magic Scroll Shoppe.
 60198 | Snake:1  | Bought a scroll of teleportation for 42 gold pieces
 60230 | Snake:1  | Found Toacyth's Book Emporium.
 62163 | Snake:3  | Noticed Vashnia
 62428 | Snake:3  | Killed Vashnia
 63316 | Snake:3  | Noticed lollipopman's ghost (adept DsBe)
 63321 | Snake:3  | Killed lollipopman's ghost
 65024 | Snake:3  | Upgraded the game from 0.20-a0-504-g2c65edc to 0.20-a0-509-ga2a529b
 65050 | Snake:4  | Entered Level 4 of the Snake Pit
 67826 | Snake:4  | Reached XP level 22. HP: 121/121 MP: 33/50
 68301 | Snake:4  | Got a serpentine rune of Zot
 68858 | Vaults:5 | Entered Level 5 of the Vaults
 68858 | Vaults:5 | Noticed a golden dragon
 70196 | Vaults:5 | Noticed an ancient lich
 70198 | Vaults:5 | Killed an ancient lich
 70577 | Vaults:5 | Killed a golden dragon
 70816 | Vaults:5 | Noticed an ancient lich
 70820 | Vaults:5 | Killed an ancient lich
 71188 | Vaults:5 | Identified the +9 rapier of the Apocalypse {vamp, MP+9} (You took it off a frost giant on level 5 of the Vaults)
 71368 | Vaults:5 | Reached XP level 23. HP: 113/126 MP: 29/52
 71764 | Vaults:5 | Identified the Compendium of Translocation and Poisoning
 73522 | Vaults:5 | Identified the +1 helmet of the Heavens {Int+3} (You found it on level 5 of the Vaults)
 73537 | Vaults:5 | Got a silver rune of Zot
 73550 | Vaults:5 | Learned a level 6 spell: Deflect Missiles
 73579 | Vaults:5 | Reached skill level 10 in Charms
 74337 | Bazaar   | Entered a bazaar
 74337 | Bazaar   | Found Viomaev's Gadget Shoppe.
 74337 | Bazaar   | Found Lexzop's Distillery.
 74337 | Bazaar   | Found Hubrol's Gadget Emporium.
 74337 | Bazaar   | Found Uramisue's Magic Scroll Shoppe.
 74365 | Bazaar   | Bought 2 potions of haste for 260 gold pieces
 74365 | Bazaar   | Bought 2 potions of haste for 260 gold pieces
 74365 | Bazaar   | Bought a potion of heal wounds for 65 gold pieces
 74365 | Bazaar   | Bought 2 potions of curing for 78 gold pieces
 74365 | Bazaar   | Bought a potion of agility for 52 gold pieces
 74365 | Bazaar   | Bought a potion of resistance for 130 gold pieces
 74365 | Bazaar   | Bought a potion of haste for 130 gold pieces
 74365 | Bazaar   | Bought a potion of magic for 104 gold pieces
 74365 | Bazaar   | Bought a potion of haste for 130 gold pieces
 74369 | Bazaar   | Bought a scroll of remove curse for 30 gold pieces
 74369 | Bazaar   | Bought a scroll of magic mapping for 35 gold pieces
 74369 | Bazaar   | Bought a scroll of holy word for 75 gold pieces
 74369 | Bazaar   | Bought a scroll of identify for 20 gold pieces
 74369 | Bazaar   | Bought a scroll of amnesia for 35 gold pieces
 74369 | Bazaar   | Bought a scroll of identify for 20 gold pieces
 74369 | Bazaar   | Bought a scroll of identify for 20 gold pieces
 74510 | Depths:1 | Entered Level 1 of the Depths
 74635 | Depths:1 | Found Dasysan's Gadget Shoppe.
 74635 | Depths:1 | Found Kitimeg's Jewellery Boutique.
 74637 | Depths:1 | Found Worrokux's Jewellery Boutique.
 74660 | Depths:1 | Bought a +5 ring of intelligence for 782 gold pieces
 74710 | Depths:1 | Reached skill level 1 in Air Magic
 74803 | Depths:1 | Found a runed door.
 75469 | Depths:1 | You fall through a shaft!
 75470 | Depths:2 | Reached skill level 5 in Air Magic
 75956 | Depths:1 | Found a gateway to Hell.
 76681 | Depths:1 | Got a serpentine ruby amulet
 76682 | Depths:1 | Identified the amulet of the Blue Skies {Harm *Drain Dex+3 SInv} (You found it on level 1 of the Depths)
 77035 | Depths:2 | Reached XP level 24. HP: 132/132 MP: 43/53
 77093 | Depths:2 | Reached skill level 5 in Shields
 78433 | Depths:2 | Found a gateway to a ziggurat.
 78850 | Depths:3 | Noticed Asterion
 78854 | Depths:3 | Killed Asterion
 78920 | Depths:3 | Reached skill level 10 in Fighting
 79721 | Depths:3 | Found a one-way gate leading to the halls of Pandemonium.
 80689 | Depths:3 | Reached XP level 25. HP: 143/143 MP: 33/53
 80864 | Depths:3 | Identified the ring "Fuid" {rPois rC+ rN+ Int-3} (You found it on level 3 of the Depths)
 82351 | Depths:4 | Found Hamoa's Food Shoppe.
 82576 | Depths:4 | Found a one-way gate to the infinite horrors of the Abyss.
 82787 | Depths:4 | Reached skill level 15 in Dodging
 83151 | Depths:4 | Identified the +11 hand crossbow of Wowad {flame, rPois Str-2 Int+4 Dex+4} (You found it on level 4 of the Depths)
 84058 | Depths:4 | Identified Sif Muna's Guide on Captivating Transmigration
 84964 | Depths:5 | Entered Level 5 of the Depths
 85242 | Depths:5 | Reached XP level 26. HP: 155/155 MP: 50/53
 85668 | Depths:5 | Identified the +8 rapier of Doom {freeze, rPois SInv} (You took it off a fire giant on level 5 of the Depths)
 87052 | Depths:5 | Reached skill level 10 in Shields
 87392 | Depths:5 | Found a gate to the Realm of Zot.
 87829 | Zot:1    | Entered Level 1 of the Realm of Zot
 89916 | Depths:5 | Learned a level 1 spell: Apportation
 90104 | Zot:1    | Identified Sif Muna's Disquisition on Earthen Summoning
 90112 | Zot:1    | Learned a level 6 spell: Shadow Creatures
 90769 | Zot:2    | Reached skill level 15 in Fighting
 91050 | Zot:2    | Reached XP level 27. HP: 164/164 MP: 42/53
 94605 | Zot:4    | Noticed an orb of fire
 95715 | Zot:5    | Entered Level 5 of the Realm of Zot
 95917 | Zot:5    | Identified the +1 buckler "Ethrayzui" {rPois rF+ rC+ Regen+} (You acquired it on level 5 of the Realm of Zot)
 96079 | Zot:5    | Reached skill level 15 in Armour
 96378 | Zot:5    | Noticed an ancient lich
 96380 | Zot:5    | Killed an ancient lich
 97236 | Elf:1    | Entered Level 1 of the Elven Halls
 97744 | Elf:1    | Found Ligriept's Armour Emporium.
 98928 | Elf:2    | Found a runed gate.
 98931 | Elf:2    | Found a runed gate.
 98932 | Elf:2    | Found a runed gate.
100147 | Elf:2    | Gained mutation: You have large cloven feet. [potion of beneficial mutation]
100180 | Elf:3    | Entered Level 3 of the Elven Halls
101903 | Elf:3    | Identified the +9 trident "Tididuig" {pierce, *Rage Int+4} (You found it on level 3 of the Elven Halls)
102289 | Depths:4 | Voluntarily entered the Abyss.
102289 | Abyss:1  | Found a corrupted altar of Lugonu.
102643 | Depths:4 | Escaped the Abyss
102738 | Depths:4 | Voluntarily entered the Abyss.
102756 | Depths:4 | Escaped the Abyss
102764 | Depths:4 | Voluntarily entered the Abyss.
103229 | Abyss:3  | Found a corrupted altar of Lugonu.
103259 | Abyss:3  | Got an abyssal rune of Zot
103346 | Depths:4 | Escaped the Abyss
104223 | Slime:1  | Entered Level 1 of the Pits of Slime
104932 | Slime:2  | Found a viscous altar of Jiyva.
106437 | Slime:5  | Entered Level 5 of the Pits of Slime
106458 | Slime:5  | Noticed the Royal Jelly
106460 | Slime:5  | Killed the Royal Jelly
107166 | Slime:5  | Identified the +4 robe of It's Over Quickly {Dex+6} (You found it on level 5 of the Pits of Slime)
107177 | Slime:5  | Got a slimy rune of Zot
107216 | Slime:5  | Identified the +5 chain mail of Dosusiu {Dex+6} (You found it on level 5 of the Pits of Slime)
107358 | Lair:5   | Learned a level 9 spell: Glaciate
107610 | Depths:1 | Reached skill level 1 in Ice Magic
107663 | Hell     | Entered the Vestibule of Hell
107670 | Hell     | Noticed Geryon
107757 | Hell     | Killed Geryon
107761 | Hell     | Reached skill level 5 in Ice Magic
108195 | Hell     | Found a gateway to the freezing wastes of Cocytus.
108480 | Hell     | Found a gateway to the decaying netherworld of Tartarus.
108690 | Hell     | Found a gateway to the ashen valley of Gehenna.
108813 | Hell     | Found a gateway to the Iron City of Dis.
108875 | Dis:1    | Entered Level 1 of the Iron City of Dis
110623 | Zot:5    | Reached skill level 10 in Ice Magic
110889 | Zot:5    | Noticed an orb of fire
110889 | Zot:5    | Noticed an orb of fire
110897 | Zot:5    | Killed an orb of fire
110898 | Zot:5    | Killed an orb of fire
111002 | Zot:5    | Noticed an orb of fire
111005 | Zot:5    | Killed an orb of fire
111125 | Zot:5    | Noticed an orb of fire
111141 | Zot:5    | Killed an orb of fire
112453 | Crypt:1  | Entered Level 1 of the Crypt
113572 | Crypt:2  | Reached skill level 15 in Shields
114152 | Crypt:2  | Noticed Sojobo
114156 | Crypt:2  | Killed Sojobo
115385 | Crypt:3  | Entered Level 3 of the Crypt
115434 | Crypt:3  | Reached skill level 15 in Ice Magic
117136 | Crypt:3  | Found an ancient bone altar of Kikubaaqudgha.
117207 | Crypt:3  | Identified Costruacs's Disquisition on Aerial Dislocation
117284 | Crypt:3  | Identified the Compendium of Dark Magic
117935 | Crypt:3  | Found a staircase to the Tomb.
118112 | Tomb:1   | Entered Level 1 of the Tomb of the Ancients
118701 | Tomb:1   | Noticed a greater mummy
118704 | Tomb:1   | Killed a greater mummy
118751 | Tomb:1   | Noticed Boris
118753 | Tomb:1   | Killed Boris
119931 | Tomb:2   | Reached skill level 1 in Earth Magic
119933 | Tomb:2   | Noticed an ancient lich
119933 | Tomb:2   | Noticed a greater mummy
119934 | Tomb:2   | Noticed an ancient lich
119936 | Tomb:2   | Noticed a greater mummy
119937 | Tomb:2   | Killed an ancient lich
120404 | Tomb:2   | Reached skill level 5 in Earth Magic
120408 | Tomb:1   | Killed a greater mummy
120410 | Tomb:1   | Killed a greater mummy
120691 | Tomb:2   | Killed an ancient lich
121054 | Tomb:2   | Reached skill level 10 in Earth Magic
121627 | Tomb:1   | Noticed a greater mummy
121629 | Tomb:1   | Killed a greater mummy
121667 | Tomb:1   | Noticed a greater mummy
121669 | Tomb:1   | Killed a greater mummy
121905 | Tomb:1   | Noticed a greater mummy
121906 | Tomb:1   | Noticed a greater mummy
121907 | Tomb:1   | Killed a greater mummy
121908 | Tomb:1   | Killed a greater mummy
121924 | Tomb:1   | Noticed a greater mummy
121929 | Tomb:1   | Killed a greater mummy
122012 | Tomb:1   | Noticed a greater mummy
122014 | Tomb:1   | Killed a greater mummy
122095 | Tomb:1   | Noticed a greater mummy
122096 | Tomb:1   | Noticed a greater mummy
122099 | Tomb:1   | Noticed a greater mummy
122100 | Tomb:1   | Killed a greater mummy
122102 | Tomb:1   | Killed a greater mummy
122102 | Tomb:1   | Killed a greater mummy
122469 | Tomb:1   | Noticed a greater mummy
122472 | Tomb:1   | Killed a greater mummy
122615 | Tomb:1   | Noticed a greater mummy
122616 | Tomb:1   | Killed a greater mummy
122627 | Tomb:1   | Noticed a greater mummy
122629 | Tomb:1   | Killed a greater mummy
122699 | Tomb:1   | Noticed a greater mummy
122701 | Tomb:1   | Killed a greater mummy
122701 | Tomb:1   | Reached skill level 15 in Earth Magic
122944 | Tomb:1   | Noticed a greater mummy
122947 | Tomb:1   | Killed a greater mummy
123064 | Tomb:1   | Noticed a greater mummy
123067 | Tomb:1   | Killed a greater mummy
123148 | Tomb:1   | Noticed a greater mummy
123150 | Tomb:1   | Killed a greater mummy
123349 | Tomb:1   | Noticed a greater mummy
123352 | Tomb:1   | Killed a greater mummy
123386 | Tomb:1   | Noticed a greater mummy
123389 | Tomb:1   | Killed a greater mummy
123600 | Tomb:1   | Noticed a greater mummy
123608 | Tomb:1   | Noticed a greater mummy
123611 | Tomb:1   | Killed a greater mummy
123612 | Tomb:1   | Noticed a greater mummy
123614 | Tomb:1   | Killed a greater mummy
123614 | Tomb:1   | Killed a greater mummy
123709 | Tomb:1   | Noticed a greater mummy
123710 | Tomb:1   | Killed a greater mummy
123727 | Tomb:1   | Noticed a greater mummy
123731 | Tomb:1   | Killed a greater mummy
123883 | Tomb:1   | Noticed a greater mummy
123886 | Tomb:1   | Killed a greater mummy
124004 | Tomb:1   | Noticed a greater mummy
124004 | Tomb:1   | Noticed a greater mummy
124006 | Tomb:1   | Killed a greater mummy
124009 | Tomb:1   | Killed a greater mummy
124820 | Tomb:3   | Entered Level 3 of the Tomb of the Ancients
124830 | Tomb:3   | Noticed a greater mummy
124830 | Tomb:3   | Noticed a greater mummy
124833 | Tomb:3   | Killed a greater mummy
124833 | Tomb:3   | Killed a greater mummy
125275 | Tomb:3   | Noticed an ancient lich
125276 | Tomb:3   | Killed an ancient lich
125288 | Tomb:3   | Noticed a greater mummy
125422 | Tomb:3   | Killed a greater mummy
125432 | Tomb:3   | Noticed a greater mummy
125434 | Tomb:3   | Killed a greater mummy
125662 | Tomb:3   | Noticed a greater mummy
125665 | Tomb:3   | Killed a greater mummy
125665 | Tomb:3   | Killed a greater mummy
125904 | Tomb:3   | Noticed an ancient lich
125906 | Tomb:3   | Killed an ancient lich
126042 | Tomb:3   | Got a golden rune of Zot
126173 | Tomb:3   | Identified the Reference Book on Helpful Intoxication
126253 | Tomb:3   | Noticed a greater mummy
126256 | Tomb:3   | Killed a greater mummy
126466 | Tomb:3   | Identified the +1 helmet of Levity {rElec Int+3} (You found it on level 3 of the Tomb of the Ancients)
126510 | Tomb:3   | Learned a level 9 spell: Shatter
126813 | Tomb:3   | Identified the ring "Syko Sol" {+Fly rPois Dex+5} (You acquired it on level 3 of the Tomb of the Ancients)
128043 | Hell     | Learned a level 6 spell: Iron Shot
132547 | Dis:2    | Reached skill level 27 in Spellcasting
133456 | Dis:7    | Entered Level 7 of the Iron City of Dis
134782 | Dis:4    | Reached skill level 1 in Summonings
134896 | Dis:5    | Reached skill level 27 in Conjurations
135189 | Dis:7    | Reached skill level 5 in Summonings
135517 | Dis:7    | Learned a level 9 spell: Tornado
136023 | Dis:7    | Reached skill level 10 in Air Magic
136922 | Dis:7    | Got a transparent amber ring
136923 | Dis:7    | Identified the ring "Nirawoaz" {Wiz +Blink} (You took it off an iron imp on level 7 of the Iron City of Dis)
137034 | Dis:7    | Identified the Disquisition on Intoxication
137186 | Dis:7    | Noticed Dispater
137216 | Dis:7    | Killed Dispater
137661 | Dis:6    | Gained mutation: You are occasionally teleported next to monsters. [mutagenic glow]
137685 | Dis:7    | Got an iron rune of Zot
137730 | Dis:7    | Gained mutation: You are weak. (Str -2) [mutagenic glow]
137759 | Dis:7    | Identified the +12 falchion of the Present {antimagic, rN+ MR+} (You found it on level 7 of the Iron City of Dis)
137947 | Hell     | Lost mutation: You are weak. (Str -2) [potion of cure mutation]
137947 | Hell     | Lost mutation: You are occasionally teleported next to monsters. [potion of cure mutation]
137970 | Geh:1    | Entered Level 1 of Gehenna
142280 | Geh:7    | Entered Level 7 of Gehenna
143598 | Geh:7    | Identified the cursed -6 pair of boots of Whack-A-Mole {rN+} (You found it on level 7 of Gehenna)
144098 | Geh:7    | Identified the +10 rapier of Extermination {elec, rF+ rC+ MR+} (You took it off a balrug on level 7 of Gehenna)
144107 | Geh:7    | Noticed Asmodeus
144113 | Geh:7    | Killed Asmodeus
144138 | Geh:7    | Got an obsidian rune of Zot
144399 | Coc:1    | Entered Level 1 of Cocytus
144402 | Coc:1    | Reached skill level 5 in Stealth
144762 | Coc:2    | Reached skill level 10 in Stealth
145393 | Coc:4    | Reached skill level 15 in Stealth
145888 | Coc:3    | Reached skill level 27 in Dodging
146916 | Coc:7    | Entered Level 7 of Cocytus
148488 | Coc:7    | Noticed Antaeus
148512 | Coc:7    | Killed Antaeus
148773 | Coc:7    | Got a clouded tin amulet
148808 | Coc:7    | Got an icy rune of Zot
149313 | Depths:4 | Bought a bread ration for 50 gold pieces
149313 | Depths:4 | Bought a bread ration for 50 gold pieces
149313 | Depths:4 | Bought a meat ration for 50 gold pieces
149313 | Depths:4 | Bought a meat ration for 50 gold pieces
149313 | Depths:4 | Bought a meat ration for 50 gold pieces
149313 | Depths:4 | Bought a bread ration for 50 gold pieces
149313 | Depths:4 | Bought a bread ration for 50 gold pieces
149313 | Depths:4 | Bought a royal jelly for 20 gold pieces
149313 | Depths:4 | Bought a royal jelly for 20 gold pieces
149313 | Depths:4 | Bought a royal jelly for 20 gold pieces
149313 | Depths:4 | Bought a fruit for 15 gold pieces
149315 | Depths:4 | Identified the amulet of Jealousy {RegenMP Dex+3} (You took it off a skeletal warrior on level 7 of Cocytus)
149672 | D:8      | Bought a meat ration for 65 gold pieces
149672 | D:8      | Bought a bread ration for 65 gold pieces
149672 | D:8      | Bought a meat ration for 65 gold pieces
149672 | D:8      | Bought a bread ration for 65 gold pieces
149672 | D:8      | Bought a royal jelly for 26 gold pieces
149672 | D:8      | Bought a royal jelly for 26 gold pieces
149672 | D:8      | Bought a royal jelly for 26 gold pieces
149672 | D:8      | Bought a royal jelly for 26 gold pieces
149922 | Tar:1    | Entered Level 1 of Tartarus
154412 | Tar:5    | Reached skill level 10 in Evocations
154478 | Tar:5    | Gained mutation: You tend to lose your temper in combat. [mutagenic glow]
154530 | Hell     | Gained mutation: Armour fits poorly on your strangely shaped body. [mutagenic glow]
154602 | Hell     | Lost mutation: You tend to lose your temper in combat. [potion of cure mutation]
154602 | Hell     | Lost mutation: You have large cloven feet. [potion of cure mutation]
154602 | Hell     | Lost mutation: Armour fits poorly on your strangely shaped body. [potion of cure mutation]
154602 | Hell     | Lost mutation: You are somewhat resistant to further mutation. [potion of cure mutation]
154858 | Tar:7    | Entered Level 7 of Tartarus
156196 | Tar:3    | Reached skill level 15 in Evocations
156566 | Snake:1  | Bought a book of Necromancy for 420 gold pieces
156571 | Snake:1  | Learned a level 3 spell: Regeneration
157538 | Elf:3    | Learned a level 2 spell: Sublimation of Blood
157902 | Tar:2    | Reached skill level 1 in Necromancy
157988 | Tar:5    | Reached skill level 5 in Necromancy
158619 | Tar:7    | Reached skill level 10 in Necromancy
159126 | Tar:7    | Identified the Grimoire of the Fifty Orbs
159245 | Tar:7    | Got a bone rune of Zot
159266 | Tar:7    | Got a faintly glowing amber ring
159638 | D:15     | Bought the Almanac of Displaced Transmutation for 1419 gold pieces
159678 | D:15     | Bought a scroll of amnesia for 42 gold pieces
159828 | Orc:2    | Bought a scroll of amnesia for 45 gold pieces
159840 | Orc:2    | Learned a level 8 spell: Controlled Blink
159840 | Orc:2    | Identified the cursed ring "Igraymno" {rElec rPois EV-2} (You took it off a vampire knight on level 7 of Tartarus)
160069 | Depths:3 | Reached skill level 1 in Translocations
160552 | Depths:3 | Upgraded the game from 0.20-a0-509-ga2a529b to 0.20-a0-513-g02c11fc
160553 | Pan      | Entered Pandemonium
160564 | Pan      | Found an exit through the horrors of the Abyss.
160596 | Pan      | Reached skill level 5 in Translocations
160909 | Pan      | Found an exit through the horrors of the Abyss.
160987 | Pan      | Reached skill level 10 in Translocations
160991 | Pan      | Noticed Situafix the pandemonium lord
161000 | Pan      | Killed Situafix the pandemonium lord
161259 | Pan      | Noticed Ykokaaf the pandemonium lord
161263 | Pan      | Killed Ykokaaf the pandemonium lord
161278 | Pan      | Gained mutation: You occasionally shout uncontrollably at your foes. [a cacodemon]
161347 | Pan      | Found an exit through the horrors of the Abyss.
161686 | Depths:3 | Escaped Pandemonium
162742 | Orc:2    | Bought a scroll of enchant weapon for 90 gold pieces
162744 | Orc:2    | Bought a scroll of enchant weapon for 97 gold pieces
162744 | Orc:2    | Bought a scroll of enchant weapon for 97 gold pieces
162938 | Depths:1 | Reached skill level 15 in Translocations
163620 | Pan      | Entered Pandemonium
163702 | Pan      | Noticed Muiwargh the pandemonium lord
163745 | Pan      | Killed Muiwargh the pandemonium lord
163867 | Pan      | Found an exit through the horrors of the Abyss.
164340 | Pan      | Found an exit through the horrors of the Abyss.
164386 | Pan      | Noticed Zyewkel the pandemonium lord
164393 | Pan      | Killed Zyewkel the pandemonium lord
164576 | Pan      | Noticed Teidaac the pandemonium lord
164579 | Pan      | Killed Teidaac the pandemonium lord
164862 | Pan      | Found an exit through the horrors of the Abyss.
165458 | Pan      | Noticed Xugracs the pandemonium lord
165463 | Pan      | Killed Xugracs the pandemonium lord
165633 | Pan      | Found an exit through the horrors of the Abyss.
165643 | Pan      | Got a demonic rune of Zot
165661 | Pan      | Identified the +6 chain mail of Gallantry {rF+ rN+ rCorr} (You acquired it in Pandemonium)
166712 | Pan      | Found an exit through the horrors of the Abyss.
167262 | Pan      | Noticed Zavoh the pandemonium lord
167264 | Pan      | Killed Zavoh the pandemonium lord
167299 | Pan      | Identified the cursed +1 quarterstaff of Destiny {crush, Int+2} (You found it in Pandemonium)
167378 | Pan      | Noticed Pyulayt the pandemonium lord
167382 | Pan      | Killed Pyulayt the pandemonium lord
167659 | Pan      | Noticed Fepuxt the pandemonium lord
167661 | Pan      | Killed Fepuxt the pandemonium lord
167884 | Pan      | Found an exit through the horrors of the Abyss.
167932 | Pan      | Noticed Dathraico the pandemonium lord
167935 | Pan      | Killed Dathraico the pandemonium lord
168228 | Pan      | Entered the realm of Mnoleg.
168332 | Pan      | Found an exit through the horrors of the Abyss.
168582 | Pan      | Gained mutation: You have a pair of small horns on your head. [a neqoxec]
168771 | Pan      | Noticed Mennas
168773 | Pan      | Killed Mennas
168881 | Pan      | Gained mutation: Your body sometimes deteriorates upon taking damage. [a neqoxec]
169013 | Pan      | Noticed Mnoleg
169020 | Pan      | Killed Mnoleg
169205 | Pan      | Got a glowing rune of Zot
169380 | Pan      | Identified the cursed +1 plate armour of the Flute {rPois rN++ Str+5} (You found it in Pandemonium)
169403 | Pan      | Entered the realm of Lom Lobon.
169405 | Pan      | Reached skill level 1 in Maces & Flails
169512 | Pan      | Found an exit through the horrors of the Abyss.
170312 | Pan      | Reached skill level 5 in Maces & Flails
170463 | Pan      | Noticed Lom Lobon
170471 | Pan      | Killed Lom Lobon
170482 | Pan      | Got a magical rune of Zot
170700 | Pan      | Noticed Siwecigi the pandemonium lord
170704 | Pan      | Killed Siwecigi the pandemonium lord
170847 | Pan      | Identified the ring "Forget-Me-Not" {Int+2 Dex+4} (You acquired it in Pandemonium)
170977 | Pan      | Found a runed door.
170984 | Pan      | Found a runed door.
170993 | Pan      | Found a runed door.
170996 | Pan      | Noticed Rustroh the pandemonium lord
170996 | Pan      | Blown up by Rustroh the pandemonium lord

Vault maps used:
D:1:      evilmike_arrival_plus
D:3:      first_bread, kb_xom_exploding_sheep
D:4:      zin_purify, uniq_crazy_yiuf_cottage
D:5:      nicolae_overflow_crystal_walls
D:6:      nemelex_altar_shiori
D:7:      grunt_temple_overflow_cloverleaf
D:8:      basic_altar, serial_shops, nicolae_shop_behind_doors, shop,
          nicolae_shop_trees, nicolae_shop_trees,
          nicolae_shop_overgrown_old_shop, the_bakery
D:9:      minmay_weird_star, enter_bailey_2
D:11:     lair_entry_dummy, basic_altar, lemuel_mausoleum_altar_yredelemnul
D:12:     zombieorc2_lemuel, uniq_josephine
D:13:     minmay_holes
D:14:     grunt_vaults_entry_tiered, grunt_decor_cap
D:15:     grunt_enter_depths_hoard, special_room, serial_shops, bzr_entry_safe,
          shop_statue, nicolae_shop_statue_plus,
          nicolae_shop_temple_entry_statues_fountains, serial_bayou_shore_a
Temple:   nicolae_temple_great_sept
Lair:1:   lemuel_fruit_tree, uniq_fannar
Lair:2:   uniq_erica
Lair:3:   grunt_megastairs_4, uniq_gastronok
Lair:4:   minmay_swamp_entry_worms, minmay_snake_entry_guardpost_small
Lair:5:   slime_altar_1, dpeg_oklob_1
Lair:6:   minmay_lair_end_frog_pond
Swamp:1:  evilmike_swamp_ruin_house_5, uniq_louise
Swamp:2:  hangedman_swamp_ruin_wall
Swamp:3:  cheibrodos_swamp_mausoleum, serial_swamp_ruin,
          evilmike_swamp_ruin_house_3, evilmike_swamp_ruin_rubble_2,
          evilmike_swamp_ruin_house_4, hangedman_swamp_ravenous, uniq_nikola,
          uniq_kirke
Swamp:4:  swamp_alternative
Snake:1:  serial_shops, shop_scrolls, shop,
          nicolae_shop_temple_entry_statues_fountains, nicolae_shop_statue_plus,
          shop, minmay_shoptagon, grunt_megastairs_3, serial_bayou_shore_b,
          uniq_roxanne, uniq_aizul
Snake:3:  nicolae_snake_hallway, nrook_guardian_serpent_double, uniq_vashnia
Snake:4:  johnstein_snake_rune_scales
Slime:2:  cheibrodos_slime_lost_civilization_3, basic_altar
Orc:1:    basic_altar, serial_shops, nicolae_shop_stone, uniq_nergalle,
          uniq_snorg
Orc:2:    st_orc_rangers, basic_altar
Elf:1:    minmay_elf_arrival_circle, serial_shops, nicolae_shop_stone,
          hangedman_elf_disciples
Elf:3:    minmay_elf_hall_hex
Vaults:1: nicolae_vaults_sealed_display, hangedman_vaults_stretched_pinwheel,
          ontoclasm_vaults_loading_screen, ontoclasm_vaults_eye,
          v_alt_pattern_5, vaults_room_fours, vaults_dpeg_diagonal,
          vaults_room_pools, grunt_vaults_diagonal, vaults_dpeg_ring
Vaults:2: nicolae_vaults_network_square, vaults_dpeg_encased_lava,
          hangedman_vaults_slice, nicolae_vaults_little_squares_3,
          grunt_vaults_focal, st_smaller_cells, v_misc_11, v_misc_2,
          hangedman_vaults_nails, v_misc_27, uniq_frederick, uniq_margery,
          uniq_donald
Vaults:3: minmay_crypt_entry_necro_gods, vaults_dpeg_cross, v_misc_16,
          nicolae_vaults_asterisk, ontoclasm_vaults_pinch,
          hangedman_vaults_stitches, hangedman_vaults_unwind,
          dpeg_vaults_monster_box, nicolae_vaults_windows_and_doors_thing,
          v_misc_16, nicolae_vaults_inception_corners, serial_ice_m, v_misc_28,
          vaults_room_large_hall, st_cells, uniq_mara, uniq_jorgrun, uniq_jory
Vaults:4: v_misc_15, v_rooms_1, v_misc_18, ontoclasm_vaults_decontamination,
          v_misc_26, nicolae_vaults_network_star, grunt_vaults_bifocal,
          nicolae_vaults_ring_of_whatevers, ontoclasm_vaults_chip,
          grunt_vaults_twisty, v_misc_16, kb_rosetta, vaults_room_fancy_cross,
          nicolae_vaults_diagonal_hallway_9, ontoclasm_vaults_gateway,
          basic_altar
Vaults:5: serial_shops
Crypt:1:  item_on_display_a, grunt_crypt_arrival_split
Crypt:2:  uniq_sojobo
Crypt:3:  church_of_pain_bobbens, nicolae_tomb_entry_rubble_hallway
Tomb:1:   uniq_boris
Depths:1: fountainhead, hell_entry, kennysheep_treasure_room,
          serial_bayou_shore_b, kennysheep_random_hallway, minmay_shop_grove,
          serial_bayou_shore_b
Depths:2: hangedman_crystal_crosses_colossus, hell_entry
Depths:3: nooodl_heptagram, grunt_pan_entry_zigzag, hangedman_glass_teeth,
          hell_entry, roderic_roman_lattice, infiniplex_staircase_spiral,
          uniq_asterion
Depths:4: minmay_nested_s, serial_shops, nicolae_shop_stone,
          grunt_hell_entry_demonic_statue, abyss_entry, minivault_16
Depths:5: evilmike_zot_entry_round, pf_coc_iceberg, grunt_pan_entry_in_and_out,
          laboratory
Dis:1:    hangedman_player_shredder
Dis:7:    iron_city_of_dis
Geh:3:    nicolae_geh_amphitheater
Geh:4:    lemuel_flamethrower_3
Geh:5:    minmay_fire_ice_demons
Geh:7:    geh_grunt
Coc:1:    serial_ice
Coc:6:    lemuel_elevator
Coc:7:    coc_mu
Tar:3:    nicolae_tar_cuneiform_three
Tar:5:    minmay_shadows
Tar:7:    tar_old
Zot:1:    minmay_elemental_castle, st_stairs_5, basic_loot_grate_trap,
          grunt_ministairs_5
Zot:2:    grunt_megastairs_1
Zot:3:    hangedman_zot_wheel_spokes
Zot:4:    lemuel_draconian_sentries, bh_zot_levy_curve
Abyss:1:  hangedman_abyss_or_decor_clamps, serial_sigils_hangedman_quiver
Pan:      evilmike_mini_pan_other_thingy, pan_blood_fountain,
          evilmike_mini_pan_3x3, nicolae_pan_gloorx_vloqian_2,
          lemuel_hellion_island, evilmike_mini_pan_corridor,
          nicolae_pan_sigil_eeng, evilmike_mini_pan_3x3, nicolae_pan_hourglass,
          rand_demon_5, nicolae_pan_gloorx_vloqian_3, rand_demon_2,
          regret_index_pan_draining_boxed, pan_blood_fountain_small,
          rand_demon_1, nicolae_pan_glass_arcs, evilmike_mini_pan_diamond,
          evilmike_mini_pan_branches, pan_blood_fountain_2, reaverb_pan_squares,
          evilmike_mini_pan_3x3, pan_blood_fountain_small,
          nicolae_pan_door_chamber, nicolae_pan_sigil_obb,
          evilmike_mini_pan_corridor, evilmike_mini_pan_possible_glass,
          rand_demon_8, pan_blood_fountain_small, nicolae_pan_strange_glyphs,
          mnoleg_grunt, uniq_mennas_pan, lom_lobon, grunt_pan_sceptre,
          nicolae_pan_strange_glyphs, nicolae_pan_gloorx_vloqian_2,
          grunt_pan_spiral, rand_demon_7
Bazaar:   bazaar_minmay_row
Bailey:   bailey_polearm_4, bailey

Skill      XL: |  1  2  3  4  5  6  7  8  9 10 11 12 13 14 15 16 17 18 19 20 21 22 23 24 25 26 27 |
---------------+----------------------------------------------------------------------------------+-----
Conjurations   | 5 6 7 10 11 12 14 15 16 17 18 19 20 21 22 27 | 27.0
Spellcasting   | 4 6 8 10 11 12 13 14 15 16 17 19 20 21 22 23 24 27 | 27.0
Charms         | 9 10 | 10.9
Dodging        | 5 6 8 10 11 12 14 16 17 27 | 27.0
Shields        | 4 7 9 11 15 | 15.0
Fighting       | 1 3 5 6 7 8 11 13 15 22 | 22.4
Armour         | 5 10 11 12 13 14 23 | 23.0
Fire Magic     | 6 11 13 15 17 19 21 22 23 24 | 24.0
Evocations     | 3 9 25 | 25.0
Air Magic      | 6 13 | 13.8
Ice Magic      | 19 | 19.2
Earth Magic    | 21 | 21.9
Summonings     | 8 |  8.7
Stealth        | 16 | 16.3
Necromancy     | 11 | 11.9
Translocations | 17 | 17.2
Maces & Flails | 9 |  9.3

Action                   |  1- 3 |  4- 6 |  7- 9 | 10-12 | 13-15 | 16-18 | 19-21 | 22-24 | 25-27 || total
-------------------------+-------+-------+-------+-------+-------+-------+-------+-------+-------++-------
Melee: Dagger            |       |       |       |     3 |    19 |    16 |     4 |     5 |     6 ||    53
       Falchion          |       |       |       |       |     4 |    24 |    11 |       |       ||    39
       Staff             |       |       |       |       |       |       |       |       |    35 ||    35
       Rapier            |       |       |       |       |       |       |       |       |    20 ||    20
 Cast: Magic Dart        |    67 |    88 |   131 |   257 |   535 |    64 |     9 |       |       ||  1151
       Searing Ray       |     1 |    16 |    13 |     1 |     4 |       |       |       |       ||    35
       Iskenderun's Myst |       |     7 |    49 |    99 |   293 |    13 |    21 |       |       ||   482
       Iskenderun's Batt |       |       |    32 |    80 |   169 |    49 |    13 |       |       ||   343
       Fireball          |       |       |       |       |    17 |    33 |    24 |     2 |     5 ||    81
       Fulminant Prism   |       |       |       |       |     9 |     1 |       |       |       ||    10
       Bolt of Fire      |       |       |       |       |    41 |   544 |   685 |   375 |  1120 ||  2765
       Repel Missiles    |       |       |       |       |       |     4 |     5 |     1 |       ||    10
       Delayed Fireball  |       |       |       |       |       |     4 |       |     1 |     2 ||     7
       Static Discharge  |       |       |       |       |       |     1 |     1 |       |     1 ||     3
       Conjure Ball Ligh |       |       |       |       |       |       |     1 |       |       ||     1
       Orb of Destructio |       |       |       |       |       |       |    61 |    94 |   348 ||   503
       Blink             |       |       |       |       |       |       |     2 |     4 |    10 ||    16
       Fire Storm        |       |       |       |       |       |       |       |   114 |   895 ||  1009
       Deflect Missiles  |       |       |       |       |       |       |       |     1 |     9 ||    10
       Apportation       |       |       |       |       |       |       |       |       |     4 ||     4
       Iron Shot         |       |       |       |       |       |       |       |       |  1803 ||  1803
       Glaciate          |       |       |       |       |       |       |       |       |   366 ||   366
       Shatter           |       |       |       |       |       |       |       |       |   298 ||   298
       Regeneration      |       |       |       |       |       |       |       |       |    40 ||    40
       Sublimation of Bl |       |       |       |       |       |       |       |       |    33 ||    33
       Shadow Creatures  |       |       |       |       |       |       |       |       |     4 ||     4
       Controlled Blink  |       |       |       |       |       |       |       |       |     1 ||     1
 Abil: Release Delayed F |       |       |       |       |       |     3 |       |     1 |     2 ||     6
       Evoke Flight      |       |       |       |       |       |       |       |       |     4 ||     4
Evoke: Wand              |       |       |       |     3 |    36 |    28 |    10 |     4 |    21 ||   102
       Fan of gales      |       |       |       |       |     3 |     1 |       |       |     2 ||     6
       Staff of energy   |       |       |       |       |       |    36 |   297 |   208 |  2849 ||  3390
       Phantom mirror    |       |       |       |       |       |       |     1 |       |       ||     1
       Lamp of fire      |       |       |       |       |       |       |       |     1 |    12 ||    13
       Crystal ball of e |       |       |       |       |       |       |       |       |    19 ||    19
       Phial of floods   |       |       |       |       |       |       |       |       |     4 ||     4
  Use: Scroll            |       |     7 |     4 |    17 |    22 |    17 |     8 |    13 |    78 ||   166
       Potion            |       |       |       |       |    18 |     6 |     4 |     1 |    31 ||    60
  Eat: Chunk             |     2 |     9 |    17 |    17 |    39 |    30 |    38 |    25 |    73 ||   250
       Buggy             |       |       |     1 |     2 |       |       |       |       |       ||     3
       Meat ration       |       |       |       |     1 |       |       |       |       |    44 ||    45
       Royal jelly       |       |       |       |       |     2 |     2 |     8 |     2 |    17 ||    31
       Fruit             |       |       |       |       |     7 |     2 |     3 |     4 |    20 ||    36
       Buggy             |       |       |       |       |     1 |       |       |       |       ||     1
       Bread ration      |       |       |       |       |       |     3 |     3 |     3 |    19 ||    28
Armor: Robe              |       |     5 |    10 |       |       |       |       |       |       ||    15
       Scale mail        |       |       |       |    25 |    61 |    50 |    55 |    37 |   384 ||   612
Dodge: Dodged            |       |     8 |    27 |    31 |    92 |    73 |    73 |    43 |   416 ||   763
       Deflected         |       |       |       |       |       |    11 |    22 |    27 |   122 ||   182
Block: Buckler           |       |       |       |    18 |    53 |    59 |    55 |    32 |    85 ||   302
       Shield            |       |       |       |       |       |       |       |       |  1038 ||  1038
       Reflection        |       |       |       |       |       |       |       |       |     1 ||     1
       Rpst.: Falchion   |       |       |       |       |     4 |     7 |     1 |       |       ||    12
